[Event "Vienna Chess Open 2019"]
[Site "Vienna"]
[Date "2019.08.22"]
[Round "7.1"]
[White "Gavrilescu, David"]
[Black "Kummer, Helmut"]
[Result "0-1"]
[ECO "C42"]
[WhiteElo "2464"]
[BlackElo "2464"]
[Annotator "ChessBase"]
[PlyCount "170"]
[EventDate "2019.08.17"]
[EventType "swiss"]
[EventCountry "AUT"]
[SourceTitle "playchess.com"]
[Source "ChessBase"]
[SourceQuality "1"]
[TimeControl "40/5400+30:1800+30"]

1. e4 e5 2. Nf3 Nf6 3. Nxe5 d6 4. Nd3 Nxe4 5. Qe2 Qe7 6. Nc3 Nf6 7. Nf4 c6 8. f3 d5 9. d4 Bf5 10. Nd3 Na6 11. g4 Bxd3 12. Qxe7+ Bxe7 13. cxd3 Nc7 14. h4 Ne6 15. Ne2 Bb4+ 16. Kf2 h6 17. Be3 Bd6 18. Bg2 Ke7 19. h5 Rae8 20. Rh4 Kd8 21. f4 Re7 22. Bf3 Rhe8 23. Bd2 Nd7 24. g5 f5 25. Rg1 Rf7 26. Rh3 Rh8 27. Rhh1 Nb6 28. Rg2 Na8 29. Rhg1 Nac7 30. a4 Re7 31. gxh6 Rxh6 32. Rg6 Rh7 33. Rh1 Rf7 34. h6 gxh6 35. Rhxh6 Rxh6 36. Rxh6 Ke7 37. Bg2 Ne8 38. Bh3 N8g7 39. Kf3 Rf6 40. Rh7 Kf7 41. Rh8 Kg6 42. Bf1 Rf8 43. Rh1 a6 44. Bg2 Nh5 45. Bh3 Rf7 46. Be3 Rh7 47. Rh2 Neg7 48. Rh1 Rh6 49. Bf1 Kh7 50. Rh2 Nf6 51. Rxh6+ Kxh6 52. Bh3 Kg6 53. Ng3 Nfh5 54. Ne2 Bb4 55. Bf1 Ne6 56. Nc1 Nhxf4 57. Bxf4 Nxf4 58. Kxf4 Bd2+ 59. Kf3 Bxc1 60. b3 Bd2 61. Bh3 Kg5 62. Ke2 Bc3 63. Ke3 Bb2 64. Bf1 Kg4 65. Be2+ Kg3 66. Bh5 f4+ 67. Ke2 Bxd4 68. Kf1 f3 69. Be8 Kf4 70. Bd7 Ke3 71. Bc8 Kxd3 72. Bxb7 a5 73. Bxc6 Ke4 74. Ke1 Be3 75. Kf1 Kd4 76. Bd7 Kc3 77. Bc6 Kd4 78. Bd7 Kc5 79. Bg4 f2 80. Be6 d4 81. Bc4 Kb4 82. Ke2 Kc3 83. Ba6 d3+ 84. Bxd3 f1=Q+ 85. Kxf1 Kxd3 0-1

[Event "Vienna Chess Open 2019"]
[Site "Vienna"]
[Date "2019.08.22"]
[Round "7.2"]
[White "Peralta, Fernando"]
[Black "Handler, Lukas"]
[Result "1-0"]
[ECO "D38"]
[WhiteElo "2572"]
[BlackElo "2411"]
[Annotator "ChessBase"]
[PlyCount "69"]
[EventDate "2019.08.17"]
[EventType "swiss"]
[EventCountry "AUT"]
[SourceTitle "playchess.com"]
[Source "ChessBase"]
[SourceQuality "1"]
[TimeControl "40/5400+30:1800+30"]

1. d4 d5 2. c4 e6 3. Nf3 Nf6 4. Nc3 Bb4 5. Qa4+ Nc6 6. e3 O-O 7. Qc2 dxc4 8. Bxc4 a6 9. O-O Bd6 10. a3 e5 11. h3 h6 12. Bd2 Re8 13. dxe5 Nxe5 14. Nxe5 Bxe5 15. f4 Bxc3 16. Bxc3 Qe7 17. Rae1 Be6 18. Bd3 Rad8 19. b4 Bb3 20. Qe2 Qe6 21. Rf3 Nd5 22. Ba1 f6 23. Bg6 Rf8 24. Bb1 Ne7 25. e4 Bc4 26. Qf2 Qb6 27. Rfe3 Be6 28. Kh1 Rd7 29. Qg3 Bf7 30. e5 Nd5 31. e6 Nxe3 32. exd7 Nd5 33. Qd3 g6 34. Re8 Qc6 35. Rxf8+ 1-0

[Event "Vienna Chess Open 2019"]
[Site "Vienna"]
[Date "2019.08.22"]
[Round "7.2"]
[White "Nielsen, Viktor Haarmark"]
[Black "Buckels, Valentin"]
[Result "1/2-1/2"]
[ECO "A62"]
[WhiteElo "2453"]
[BlackElo "2453"]
[Annotator "ChessBase"]
[PlyCount "162"]
[EventDate "2019.08.17"]
[EventType "swiss"]
[EventCountry "AUT"]
[SourceTitle "playchess.com"]
[Source "ChessBase"]
[SourceQuality "1"]
[TimeControl "40/5400+30:1800+30"]

1. d4 Nf6 2. c4 e6 3. g3 c5 4. d5 exd5 5. cxd5 d6 6. Nc3 g6 7. Bg2 Bg7 8. Nf3 O-O 9. O-O Re8 10. Bf4 Ne4 11. Nxe4 Rxe4 12. Nd2 Rxf4 13. gxf4 Bxb2 14. Rb1 Bg7 15. Nc4 Na6 16. e4 Nb4 17. a3 Na2 18. Qd2 Nc3 19. Rbc1 Nb5 20. e5 dxe5 21. fxe5 Nd4 22. Qe3 b6 23. Rfd1 Nf5 24. Qe4 Bb7 25. e6 Qf6 26. exf7+ Qxf7 27. Ne5 Qf6 28. Nc6 Kf8 29. Re1 Qd6 30. Rcd1 Bc3 31. Rf1 Ba6 32. Qc2 Nd4 33. Nxd4 cxd4 34. f4 Bxf1 35. Rxf1 Kg7 36. f5 Rf8 37. a4 Qe5 38. Qe4 Qxe4 39. Bxe4 Re8 40. Bd3 Bb4 41. fxg6 hxg6 42. Kg2 Rd8 43. Be4 Rc8 44. Rf2 Bd6 45. Rc2 Re8 46. Re2 Bf4 47. Bd3 Be5 48. Rc2 Rd8 49. Be4 g5 50. h3 Kf6 51. Rc4 g4 52. hxg4 Kg5 53. Kf3 Rh8 54. Bf5 Rh3+ 55. Ke2 Rh2+ 56. Kd3 Rh3+ 57. Ke2 Ra3 58. d6 Bxd6 59. Rxd4 Be5 60. Rc4 Bf4 61. Re4 Bd6 62. Rc4 a6 63. Bc2 Bf4 64. Bf5 Bd6 65. Rd4 Bc5 66. Rc4 Ra2+ 67. Kd3 Bd6 68. Rd4 Be5 69. Rb4 Ra3+ 70. Ke2 Bc7 71. Rc4 Bh2 72. Bc8 a5 73. Bf5 Bd6 74. Bd7 Bb4 75. Rd4 Ra2+ 76. Kf3 Rd2 77. Rxd2 Bxd2 78. Ke2 Bb4 79. Kf3 Bd2 80. Ke2 Bb4 81. Kf3 Bd2 1/2-1/2

[Event "Vienna Chess Open 2019"]
[Site "Vienna"]
[Date "2019.08.22"]
[Round "7.2"]
[White "Kojima, Shinya"]
[Black "Diermair, Andreas"]
[Result "1/2-1/2"]
[ECO "A05"]
[WhiteElo "2390"]
[BlackElo "2473"]
[Annotator "ChessBase"]
[PlyCount "58"]
[EventDate "2019.08.17"]
[EventType "swiss"]
[EventCountry "AUT"]
[SourceTitle "playchess.com"]
[Source "ChessBase"]
[SourceQuality "1"]
[TimeControl "40/5400+30:1800+30"]

1. Nf3 Nf6 2. c4 b6 3. g3 Bb7 4. Bg2 g6 5. b3 Bg7 6. Bb2 O-O 7. O-O c5 8. Nc3 Na6 9. Rc1 e6 10. d4 Rc8 11. Nb5 Ra8 12. Nd6 Bc6 13. d5 exd5 14. cxd5 Nxd5 15. Bxg7 Kxg7 16. e4 Nf6 17. Qe2 Nc7 18. Rfd1 Nfe8 19. Qb2+ f6 20. e5 Ne6 21. b4 Rb8 22. Nxe8+ Qxe8 23. exf6+ Rxf6 24. Ne5 Nd4 25. Rxd4 cxd4 26. Qxd4 Rc8 27. Ng4 Qe6 28. Bxc6 Rxc6 29. Rxc6 dxc6 1/2-1/2

[Event "Vienna Chess Open 2019"]
[Site "Vienna"]
[Date "2019.08.22"]
[Round "7.3"]
[White "Dastan, Muhammed Batuhan"]
[Black "Markoja, Boris"]
[Result "1/2-1/2"]
[ECO "B38"]
[WhiteElo "2582"]
[BlackElo "2440"]
[Annotator "ChessBase"]
[PlyCount "66"]
[EventDate "2019.08.17"]
[EventType "swiss"]
[EventCountry "AUT"]
[SourceTitle "playchess.com"]
[Source "ChessBase"]
[SourceQuality "1"]
[TimeControl "40/5400+30:1800+30"]

1. e4 c5 2. Nf3 Nc6 3. d4 cxd4 4. Nxd4 g6 5. c4 Bg7 6. Be3 Qb6 7. Nb3 Qd8 8. Nc3 Bxc3+ 9. bxc3 Nf6 10. f3 O-O 11. Qd2 d6 12. Rd1 b6 13. Bh6 Re8 14. h4 Ne5 15. Nd4 Qc7 16. Nb5 Qc6 17. Bg5 Be6 18. Nd4 Qc8 19. Bxf6 exf6 20. Qf4 Bxc4 21. Qxf6 h5 22. Kf2 Bxf1 23. Kxf1 Qc4+ 24. Kg1 Qxc3 25. Rh3 Qc5 26. Kh2 Nd7 27. Qf4 Qe5 28. Ne2 Rad8 29. Rxd6 Qxf4+ 30. Nxf4 Ne5 31. Rxd8 Rxd8 32. Nd5 Kg7 33. Kg3 Rc8 1/2-1/2

[Event "Vienna Chess Open 2019"]
[Site "Vienna"]
[Date "2019.08.22"]
[Round "7.3"]
[White "Haldorsen, Benjamin"]
[Black "Suta, Andraz"]
[Result "1/2-1/2"]
[ECO "C45"]
[WhiteElo "2452"]
[BlackElo "2452"]
[Annotator "ChessBase"]
[PlyCount "95"]
[EventDate "2019.08.17"]
[EventType "swiss"]
[EventCountry "AUT"]
[SourceTitle "playchess.com"]
[Source "ChessBase"]
[SourceQuality "1"]
[TimeControl "40/5400+30:1800+30"]

1. e4 e5 2. Nf3 Nc6 3. d4 exd4 4. Nxd4 Nf6 5. Nxc6 bxc6 6. e5 Qe7 7. Qe2 Nd5 8. h4 d6 9. c4 Nb6 10. exd6 Qxe2+ 11. Bxe2 cxd6 12. Nc3 Be6 13. Bf3 Rc8 14. b3 d5 15. cxd5 Bb4 16. Bd2 Nxd5 17. Nxd5 Bxd2+ 18. Kxd2 cxd5 19. Rac1 Kd7 20. h5 Rxc1 21. Kxc1 Rc8+ 22. Kd2 h6 23. Rh4 a5 24. Be2 Kd6 25. Bd3 Rc7 26. Ra4 Rc5 27. f4 Bd7 28. Rd4 Bb5 29. Be4 Bc6 30. Bf3 f6 31. Bg4 Bd7 32. Bxd7 Kxd7 33. Rd3 Kd6 34. Rg3 Rc7 35. Rg6 Ke6 36. g4 a4 37. g5 axb3 38. axb3 d4 39. Kd3 Rc3+ 40. Kxd4 Rxb3 41. Rxg7 fxg5 42. fxg5 hxg5 43. Rxg5 Rb4+ 44. Ke3 Rh4 45. Kf3 Kf6 46. Ra5 Kg7 47. Kg3 Rb4 48. h6+ 1/2-1/2

[Event "Vienna Chess Open 2019"]
[Site "Vienna"]
[Date "2019.08.22"]
[Round "7.3"]
[White "Chylewski, Patryk"]
[Black "Abdumalik, Zhansaya"]
[Result "0-1"]
[ECO "D85"]
[WhiteElo "2356"]
[BlackElo "2457"]
[Annotator "ChessBase"]
[PlyCount "110"]
[EventDate "2019.08.17"]
[EventType "swiss"]
[EventCountry "AUT"]
[SourceTitle "playchess.com"]
[Source "ChessBase"]
[SourceQuality "1"]
[TimeControl "40/5400+30:1800+30"]

1. d4 Nf6 2. c4 g6 3. Nc3 d5 4. cxd5 Nxd5 5. e4 Nxc3 6. bxc3 Bg7 7. Nf3 c5 8. Bb5+ Nc6 9. O-O a6 10. Bxc6+ bxc6 11. Be3 O-O 12. Rc1 Qa5 13. Qc2 Be6 14. a4 Rab8 15. Rb1 f5 16. exf5 Rxb1 17. Qxb1 gxf5 18. dxc5 Qxc3 19. Rc1 Qa3 20. Bd4 Bxd4 21. Nxd4 Bd5 22. Re1 Be4 23. Qd1 Rd8 24. Qd2 Kh8 25. Qf4 Qxc5 26. Ne2 Qd6 27. f3 Bd3 28. Rd1 c5 29. Qh4 c4 30. Kh1 Rg8 31. Nf4 Re8 32. Nxd3 cxd3 33. Qc4 Rd8 34. h3 d2 35. f4 Kg7 36. Qc3+ Qd4 37. Qc7 Rd7 38. Qc6 Rd6 39. Qc7 Qe3 40. Qc2 Qxf4 41. Qc3+ Rd4 42. Kg1 Qe5 43. Kh1 Kf7 44. Kg1 Qd5 45. Qe3 Qe4 46. Qb3+ Qe6 47. Qf3 h6 48. Qf2 Qd5 49. Qe2 a5 50. Qh5+ Kg7 51. Qe2 e5 52. Qa6 Re4 53. Qa7+ Kg6 54. Qa6+ Kg5 55. Qf1 Rxa4 0-1

[Event "Vienna Chess Open 2019"]
[Site "Vienna"]
[Date "2019.08.22"]
[Round "7.4"]
[White "Ankit, R. Rajpara"]
[Black "Soysal, Serkan"]
[Result "1/2-1/2"]
[ECO "B12"]
[WhiteElo "2454"]
[BlackElo "2388"]
[Annotator "ChessBase"]
[PlyCount "110"]
[EventDate "2019.08.17"]
[EventType "swiss"]
[EventCountry "AUT"]
[SourceTitle "playchess.com"]
[Source "ChessBase"]
[SourceQuality "1"]
[TimeControl "40/5400+30:1800+30"]

1. e4 c6 2. d4 d5 3. e5 Bf5 4. Nf3 e6 5. Be2 Bb4+ 6. c3 Ba5 7. Nbd2 Nd7 8. Nf1 f6 9. exf6 Ngxf6 10. Nh4 O-O 11. Nxf5 exf5 12. Ng3 Ne4 13. Nxe4 fxe4 14. Be3 b5 15. a4 a6 16. axb5 axb5 17. O-O Qe7 18. Qd2 Bc7 19. b3 Nb6 20. Qb2 Bd6 21. Rxa8 Rxa8 22. Ra1 Qb7 23. Ra2 Kf8 24. g3 Rxa2 25. Qxa2 Qa8 26. Qb1 Qe8 27. Qf1 Kg8 28. Qh3 Nd7 29. Bg4 Nf8 30. Qf1 Qa8 31. c4 bxc4 32. bxc4 Qa6 33. Be2 Qb7 34. h4 Be7 35. h5 Bf6 36. Qh3 Qb2 37. Bf1 Bxd4 38. Bxd4 Qxd4 39. cxd5 cxd5 40. Qf5 Qc5 41. Qe5 h6 42. Bh3 Qc1+ 43. Kg2 Qc6 44. Bf5 Kf7 45. f3 exf3+ 46. Kxf3 Ne6 47. g4 Nf8 48. Ke3 g6 49. hxg6+ Nxg6 50. Bxg6+ Kxg6 51. Qf5+ Kg7 52. Kd4 Qf6+ 53. Kxd5 Qxf5+ 54. gxf5 Kf6 55. Ke4 h5 1/2-1/2

[Event "Vienna Chess Open 2019"]
[Site "Vienna"]
[Date "2019.08.22"]
[Round "7.4"]
[White "Schiffer, Stefan"]
[Black "Bakhmatsky, Vladislav"]
[Result "0-1"]
[ECO "C55"]
[WhiteElo "2442"]
[BlackElo "2442"]
[Annotator "NA"]
[PlyCount "118"]
[EventDate "2019.08.17"]
[EventType "swiss"]
[EventCountry "AUT"]
[SourceTitle "playchess.com"]
[Source "ChessBase"]
[SourceQuality "1"]
[TimeControl "40/5400+30:1800+30"]

1. e4 e5 2. Nf3 Nc6 3. Bc4 Nf6 4. d3 Be7 5. O-O O-O 6. Nbd2 d6 7. a4 Be6 8. Bxe6 fxe6 9. c3 Qd7 10. Nc4 Rae8 11. Qe2 Bd8 12. Bg5 Qf7 13. d4 exd4 14. e5 dxe5 15. Nfxe5 Nxe5 16. Nxe5 Qh5 17. Qxh5 Nxh5 18. Bd2 dxc3 19. Bxc3 Nf4 20. Rfe1 Bf6 21. Bb4 Be7 22. Bc3 Bd6 23. Rad1 Nd5 24. Bd4 Rf5 25. g3 Nb4 26. Re4 a6 27. Nc4 Bf8 28. Ne3 Rf7 29. Bc3 Nc6 30. f4 Bd6 31. Kg2 Rfe7 32. Nc4 Bc5 33. Kf3 Rd8 34. Rxd8+ Nxd8 35. Ne5 Nf7 36. b4 Nxe5+ 37. Rxe5 Bd6 38. Re2 Kf7 39. Ke4 Re8 40. Kd3 Rb8 41. Re1 Be7 42. Rc1 Rd8+ 43. Ke4 c6 44. Rc2 Rd5 45. Bd2 Ke8 46. Ra2 Kd7 47. Rc2 Bf6 48. Be3 a5 49. bxa5 Rxa5 50. Rc4 b5 51. axb5 cxb5 52. Rc5 Ra4+ 53. Kd3 Ra3+ 54. Ke4 Rb3 55. f5 Kd6 56. Bg1 Rb1 57. Bf2 Rf1 58. Be3 exf5+ 59. Kd3 Rd1+ {[%emt 0:00:08] Kd4 Ke5+} 0-1

[Event "Vienna Chess Open 2019"]
[Site "Vienna"]
[Date "2019.08.22"]
[Round "7.4"]
[White "Froewis, Georg"]
[Black "Buhmann, Rainer"]
[Result "1/2-1/2"]
[ECO "A01"]
[WhiteElo "2429"]
[BlackElo "2574"]
[Annotator "ChessBase"]
[PlyCount "133"]
[EventDate "2019.08.17"]
[EventType "swiss"]
[EventCountry "AUT"]
[SourceTitle "playchess.com"]
[Source "ChessBase"]
[SourceQuality "1"]
[TimeControl "40/5400+30:1800+30"]

1. b3 Nf6 2. Bb2 e6 3. Nf3 Be7 4. c4 O-O 5. g3 d5 6. Bg2 a5 7. Nc3 c6 8. e3 b6 9. O-O Ba6 10. Qc2 dxc4 11. Rfc1 cxb3 12. Qxb3 b5 13. a3 Ra7 14. Nd4 Rd7 15. Ne4 a4 16. Qc2 Bb7 17. Nc5 Bxc5 18. Qxc5 h6 19. Qe5 Re8 20. Rc2 Ng4 21. Qc5 Qe7 22. Qxe7 Rexe7 23. Bc3 Re8 24. Bb4 Ne5 25. f4 Nd3 26. Ba5 e5 27. Nxc6 Nxc6 28. Bxc6 Bxc6 29. Rxc6 exf4 30. gxf4 Nb2 31. Ra2 Nc4 32. Bc3 Red8 33. Bd4 Na5 34. Rb6 Nb3 35. Bc3 Nc1 36. Rc2 Ne2+ 37. Kf2 Nxc3 38. dxc3 Rd2+ 39. Rxd2 Rxd2+ 40. Kf3 Rc2 41. Rxb5 Rxc3 42. Ra5 Rxa3 43. Ra8+ Kh7 44. h4 g6 45. Ke4 Kg7 46. Kd4 Ra1 47. Ke5 a3 48. e4 a2 49. Ra6 h5 50. Ra7 Rf1 51. Rxa2 f6+ 52. Kd5 Rxf4 53. Ra7+ Kh6 54. Rf7 Rxh4 55. Rxf6 Rh1 56. e5 h4 57. e6 Rd1+ 58. Kc6 Kg5 59. Rf8 Re1 60. Kd6 h3 61. e7 Kg4 62. e8=Q Rxe8 63. Rxe8 g5 64. Rh8 Kg3 65. Ke5 h2 66. Kf5 Kg2 67. Ke4 1/2-1/2

[Event "Vienna Chess Open 2019"]
[Site "Vienna"]
[Date "2019.08.22"]
[Round "7.5"]
[White "Fedorovsky, Michael"]
[Black "Ruff, Maximilian"]
[Result "1/2-1/2"]
[ECO "D37"]
[WhiteElo "2441"]
[BlackElo "2353"]
[Annotator "NA"]
[PlyCount "45"]
[EventDate "2019.08.17"]
[EventType "swiss"]
[EventCountry "AUT"]
[SourceTitle "playchess.com"]
[Source "ChessBase"]
[SourceQuality "1"]
[TimeControl "40/5400+30:1800+30"]

1. d4 Nf6 2. c4 e6 3. Nf3 d5 4. Nc3 Nbd7 5. cxd5 exd5 6. Bg5 Be7 7. e3 c6 8. Bd3 h6 9. Bh4 Nh5 10. Bxe7 Qxe7 11. O-O O-O 12. Rb1 a5 13. a3 Nhf6 14. Qc2 Re8 15. b4 axb4 16. axb4 b5 17. Nd2 Nb6 18. e4 dxe4 19. Ncxe4 Nxe4 20. Nxe4 Nc4 21. Bxc4 Qxe4 22. Bd3 Qxd4 23. Qxc6 1/2-1/2

[Event "Vienna Chess Open 2019"]
[Site "Vienna"]
[Date "2019.08.22"]
[Round "7.5"]
[White "Ravi, Teja S."]
[Black "Palac, Mladen"]
[Result "0-1"]
[ECO "E20"]
[WhiteElo "2420"]
[BlackElo "2551"]
[Annotator "ChessBase"]
[PlyCount "80"]
[EventDate "2019.08.17"]
[EventType "swiss"]
[EventCountry "AUT"]
[SourceTitle "playchess.com"]
[Source "ChessBase"]
[SourceQuality "1"]
[TimeControl "40/5400+30:1800+30"]

1. d4 Nf6 2. c4 e6 3. Nc3 Bb4 4. g3 O-O 5. Bg2 Bxc3+ 6. bxc3 d6 7. Nf3 Nc6 8. O-O Re8 9. Nd2 e5 10. d5 Na5 11. e4 b6 12. Re1 Ba6 13. Bf1 c6 14. Ba3 cxd5 15. exd5 Qc7 16. Qa4 Rec8 17. Rac1 Bxc4 18. Nxc4 Nxc4 19. Bxc4 Qxc4 20. Qxc4 Rxc4 21. Bxd6 e4 22. Red1 Nd7 23. f3 exf3 24. Kf2 f5 25. Kxf3 Re8 26. Rd4 Re4 27. Rxc4 Rxc4 28. Bf4 Kf7 29. d6 Nc5 30. h3 Ke6 31. Ke3 Kd7 32. Rc2 Ne6 33. Kd3 Re4 34. Be3 h5 35. Rf2 g6 36. Bf4 h4 37. Bd2 hxg3 38. Rf3 Nc5+ 39. Kc2 Re2 40. Kd1 Rxd2+ 0-1

[Event "Vienna Chess Open 2019"]
[Site "Vienna"]
[Date "2019.08.22"]
[Round "7.5"]
[White "Janzelj, Tim"]
[Black "Peyrer, Konstantin"]
[Result "1-0"]
[ECO "E20"]
[WhiteElo "2260"]
[BlackElo "2260"]
[Annotator "NA"]
[PlyCount "61"]
[EventDate "2019.08.17"]
[EventType "swiss"]
[EventCountry "AUT"]
[SourceTitle "playchess.com"]
[Source "ChessBase"]
[SourceQuality "1"]
[TimeControl "40/5400+30:1800+30"]

1. d4 Nf6 2. c4 e6 3. Nc3 Bb4 4. Bd2 b6 5. Nf3 Bb7 6. e3 O-O 7. Bd3 d6 8. O-O Nbd7 9. a3 Bxc3 10. Bxc3 Ne4 11. Bxe4 Bxe4 12. Nd2 Bd3 13. Re1 f5 14. b3 c5 15. f3 b5 16. Rc1 Qb6 17. dxc5 dxc5 18. Nb1 Bxb1 19. Qxd7 Rf7 20. Qxb5 Ba2 21. Ba5 Qxb5 22. cxb5 Bxb3 23. Rxc5 Rd7 24. Rec1 Rb8 25. Rb1 Rd3 26. Kf2 Ba4 27. Bc3 Rxb5 28. Rc8+ Kf7 29. Rc7+ Kf8 30. Bb4+ Kg8 31. Rxa7 1-0

[Event "Vienna Chess Open 2019"]
[Site "Vienna"]
[Date "2019.08.22"]
[Round "7.6"]
[White "Ozen, Deniz"]
[Black "Kaasen, Tor Fredrik"]
[Result "1/2-1/2"]
[ECO "B52"]
[WhiteElo "2429"]
[BlackElo "2373"]
[Annotator "NA"]
[PlyCount "39"]
[EventDate "2019.08.17"]
[EventType "swiss"]
[EventCountry "AUT"]
[SourceTitle "playchess.com"]
[Source "ChessBase"]
[SourceQuality "1"]
[TimeControl "40/5400+30:1800+30"]

1. e4 c5 2. Nf3 d6 3. Bb5+ Bd7 4. Bxd7+ Qxd7 5. O-O Nf6 6. Re1 Nc6 7. c3 e6 8. d4 cxd4 9. cxd4 d5 10. e5 Ne4 11. a3 Be7 12. Nbd2 Nxd2 13. Bxd2 O-O 14. Rc1 Rfc8 15. Rc3 Qd8 16. Qa4 a6 17. Rec1 Na7 18. Qb3 Rxc3 19. Rxc3 Qd7 20. h3 1/2-1/2

[Event "Vienna Chess Open 2019"]
[Site "Vienna"]
[Date "2019.08.22"]
[Round "7.6"]
[White "Belke, Frank"]
[Black "Miralles, Gilles"]
[Result "1/2-1/2"]
[ECO "E34"]
[WhiteElo "2427"]
[BlackElo "2266"]
[Annotator "NA"]
[PlyCount "107"]
[EventDate "2019.08.17"]
[EventType "swiss"]
[EventCountry "AUT"]
[SourceTitle "playchess.com"]
[Source "ChessBase"]
[SourceQuality "1"]
[TimeControl "40/5400+30:1800+30"]

1. d4 Nf6 2. c4 e6 3. Nc3 Bb4 4. Qc2 d5 5. Nf3 c5 6. cxd5 exd5 7. Bg5 h6 8. Bxf6 Qxf6 9. e3 Nc6 10. a3 Bf5 11. Bd3 Bxd3 12. Qxd3 c4 13. Qc2 Bxc3+ 14. bxc3 b5 15. O-O O-O 16. Rfe1 a5 17. e4 Qg6 18. Nh4 Qg4 19. g3 dxe4 20. Rxe4 Qh5 21. Rae1 Rac8 22. Ng2 b4 23. Nf4 Qf5 24. Qe2 bxc3 25. d5 Nb8 26. Re5 Qf6 27. Nh5 Qg6 28. Nf4 Qf6 29. Nh5 Qg6 30. Nf4 Qd6 31. Qg4 c2 32. Nh5 Qxe5 33. Rxe5 c1=Q+ 34. Kg2 g6 35. Nf6+ Kh8 36. Qd4 Rcd8 37. Re6 Qd1 38. Qxd1 fxe6 39. Qa1 exd5 40. Nxd5+ Kg8 41. Nf6+ Kf7 42. Ng4 Nd7 43. Nxh6+ Ke6 44. Qe1+ Kd6 45. Qd2+ Kc6 46. Ng4 Rf5 47. Qc2 Rc5 48. Qxg6+ Kc7 49. Ne3 Ne5 50. Qa6 c3 51. Qa7+ Kc6 52. Qa6+ Kc7 53. Qa7+ Kc6 54. Qa6+ 1/2-1/2

[Event "Vienna Chess Open 2019"]
[Site "Vienna"]
[Date "2019.08.22"]
[Round "7.6"]
[White "Stark, Lars"]
[Black "Shengelia, David"]
[Result "0-1"]
[ECO "A14"]
[WhiteElo "2362"]
[BlackElo "2523"]
[Annotator "ChessBase"]
[PlyCount "76"]
[EventDate "2019.08.17"]
[EventType "swiss"]
[EventCountry "AUT"]
[SourceTitle "playchess.com"]
[Source "ChessBase"]
[SourceQuality "1"]
[TimeControl "40/5400+30:1800+30"]

1. c4 e6 2. g3 d5 3. Bg2 Nf6 4. Nf3 Be7 5. O-O O-O 6. b3 d4 7. e3 c5 8. exd4 cxd4 9. Bb2 Nc6 10. Re1 Re8 11. Na3 Bf8 12. d3 e5 13. Nc2 Nd7 14. Rb1 a5 15. a3 Rb8 16. Bc1 h6 17. b4 axb4 18. axb4 b5 19. Nh4 Bb7 20. cxb5 Na7 21. Bxb7 Rxb7 22. Qf3 Rb6 23. Na3 Nxb5 24. Nxb5 Rxb5 25. Bd2 Qb6 26. Rec1 Qb7 27. Qd1 Nf6 28. Rc4 Qd7 29. Rbc1 Nd5 30. Qf3 Bxb4 31. Bxb4 Rxb4 32. Rc5 Nc3 33. Re1 Rb5 34. Nf5 Kh7 35. Rc4 e4 36. Rxe4 Rxf5 37. Rexd4 Ne2+ 38. Qxe2 Qxd4 0-1

[Event "Vienna Chess Open 2019"]
[Site "Vienna"]
[Date "2019.08.22"]
[Round "7.7"]
[White "Gilevych, Artem"]
[Black "Belous, Mikhail"]
[Result "1-0"]
[ECO "E97"]
[WhiteElo "2424"]
[BlackElo "2308"]
[Annotator "NA"]
[PlyCount "61"]
[EventDate "2019.08.17"]
[EventType "swiss"]
[EventCountry "AUT"]
[SourceTitle "playchess.com"]
[Source "ChessBase"]
[SourceQuality "1"]
[TimeControl "40/5400+30:1800+30"]

1. Nf3 Nf6 2. c4 g6 3. Nc3 Bg7 4. e4 d6 5. d4 O-O 6. Be2 e5 7. O-O Nc6 8. d5 Ne7 9. b4 Nd7 10. Re1 h6 11. c5 f5 12. Nd2 Nf6 13. Ba3 g5 14. b5 Ng6 15. Nc4 dxc5 16. Bxc5 f4 17. Bxf8 Bxf8 18. d6 cxd6 19. Nd5 Be6 20. Rc1 Rc8 21. Nxf6+ Qxf6 22. Na5 Rd8 23. Rc7 b6 24. Nc6 Rd7 25. Rxd7 Bxd7 26. Bc4+ Kg7 27. Qd5 h5 28. Qg8+ Kh6 29. Qf7 Qxf7 30. Bxf7 d5 31. Bxg6 1-0

[Event "Vienna Chess Open 2019"]
[Site "Vienna"]
[Date "2019.08.22"]
[Round "7.7"]
[White "Gungl, Theo"]
[Black "Yankelevich, Lev"]
[Result "1/2-1/2"]
[ECO "A56"]
[WhiteElo "2344"]
[BlackElo "2480"]
[Annotator "ChessBase"]
[PlyCount "34"]
[EventDate "2019.08.17"]
[EventType "swiss"]
[EventCountry "AUT"]
[SourceTitle "playchess.com"]
[Source "ChessBase"]
[SourceQuality "1"]
[TimeControl "40/5400+30:1800+30"]

1. d4 Nf6 2. c4 c5 3. d5 g6 4. Nc3 Bg7 5. e4 d6 6. Nf3 O-O 7. Bd3 Na6 8. O-O Nc7 9. h3 e6 10. Bg5 h6 11. Bd2 Rb8 12. dxe6 Nxe6 13. Be3 b6 14. Qd2 Kh7 15. Rad1 Qe7 16. Rfe1 Bb7 17. Bb1 Ne8 1/2-1/2

[Event "Vienna Chess Open 2019"]
[Site "Vienna"]
[Date "2019.08.22"]
[Round "7.7"]
[White "Mesaros, Florian"]
[Black "Curien, Nicolas"]
[Result "1/2-1/2"]
[ECO "D31"]
[WhiteElo "2259"]
[BlackElo "2420"]
[Annotator "NA"]
[PlyCount "81"]
[EventDate "2019.08.17"]
[EventType "swiss"]
[EventCountry "AUT"]
[SourceTitle "playchess.com"]
[Source "ChessBase"]
[SourceQuality "1"]
[TimeControl "40/5400+30:1800+30"]

1. d4 d5 2. c4 e6 3. Nc3 Bb4 4. a3 Bxc3+ 5. bxc3 Nf6 6. cxd5 exd5 7. e3 O-O 8. Bd3 c5 9. Ne2 b6 10. O-O Ba6 11. f3 Bxd3 12. Qxd3 Re8 13. Ng3 Nbd7 14. Bb2 Rc8 15. Rae1 Qc7 16. Rf2 Nf8 17. e4 cxd4 18. cxd4 Qc4 19. Qd1 dxe4 20. fxe4 Ng6 21. e5 Qe6 22. Rxf6 gxf6 23. d5 Qd7 24. Nh5 Qb5 25. Nxf6+ Kf8 26. Qd2 Rc4 27. d6 Nf4 28. Nxh7+ Kg7 29. d7 Kxh7 30. dxe8=Q Qxe8 31. Rf1 Ng6 32. Qd5 Rc7 33. e6 Qxe6 34. Qh5+ Kg8 35. Qh6 f5 36. h4 Rh7 37. Qg5 Rxh4 38. Rd1 Kf7 39. Rc1 Ke8 40. Rd1 Kf7 41. Qc1 1/2-1/2

[Event "Vienna Chess Open 2019"]
[Site "Vienna"]
[Date "2019.08.22"]
[Round "7.8"]
[White "Storme, Isak"]
[Black "Menezes, Christoph"]
[Result "0-1"]
[ECO "D00"]
[WhiteElo "2420"]
[BlackElo "2420"]
[Annotator "NA"]
[PlyCount "96"]
[EventDate "2019.08.17"]
[EventType "swiss"]
[EventCountry "AUT"]
[SourceTitle "playchess.com"]
[Source "ChessBase"]
[SourceQuality "1"]
[TimeControl "40/5400+30:1800+30"]

1. d4 d5 2. Bf4 c5 3. e3 Nc6 4. c3 cxd4 5. cxd4 Nf6 6. Nc3 a6 7. Bd3 Bg4 8. f3 Bh5 9. g4 Bg6 10. h4 e6 11. Nge2 Bd6 12. h5 Bxd3 13. Qxd3 h6 14. Kf2 Bxf4 15. Nxf4 Qd6 16. Rac1 Nh7 17. Nfe2 Nf6 18. a3 O-O 19. Rcg1 Nh7 20. f4 f6 21. Ke1 Rac8 22. Rg2 b5 23. b4 Ne7 24. Kd2 Rc7 25. Rhg1 e5 26. dxe5 fxe5 27. Ne4 Qb6 28. Nc5 exf4 29. exf4 Nf6 30. g5 Ne4+ 31. Nxe4 dxe4 32. Qxe4 Nf5 33. gxh6 Rd8+ 34. Ke1 Rcd7 35. Rxg7+ Nxg7 36. Rxg7+ Rxg7 37. hxg7 Qf6 38. Kf2 Kxg7 39. Ng3 Qb2+ 40. Kf3 Qc3+ 41. Kg4 Rg8 42. Qe5+ Kf7+ 43. Qg5 Rxg5+ 44. fxg5 Qxa3 45. g6+ Kg7 46. Nf5+ Kf6 47. g7 Qxb4+ 48. Kg3 Qb3+ 0-1

[Event "Vienna Chess Open 2019"]
[Site "Vienna"]
[Date "2019.08.22"]
[Round "7.8"]
[White "Gschnitzer, Adrian"]
[Black "Ghazarian, Kirk"]
[Result "1-0"]
[ECO "B48"]
[WhiteElo "2410"]
[BlackElo "2253"]
[Annotator "NA"]
[PlyCount "67"]
[EventDate "2019.08.17"]
[EventType "swiss"]
[EventCountry "AUT"]
[SourceTitle "playchess.com"]
[Source "ChessBase"]
[SourceQuality "1"]
[TimeControl "40/5400+30:1800+30"]

1. e4 c5 2. Nf3 e6 3. d4 cxd4 4. Nxd4 Nc6 5. Nc3 Qc7 6. Be3 a6 7. Qf3 Nf6 8. O-O-O Ne5 9. Qg3 b5 10. a3 Bb7 11. Bxb5 Rc8 12. Ba4 Nxe4 13. Nxe4 Bxe4 14. Bf4 Qc4 15. Bxe5 Qxa4 16. Rd2 f6 17. Bd6 Kf7 18. Re1 Bg6 19. Kb1 Bxd6 20. Qxd6 Rhd8 21. f4 Qa5 22. Ree2 h5 23. b4 Rb8 24. Ka2 Qd5+ 25. Qxd5 exd5 26. Nb3 Rbc8 27. Rxd5 Rxc2+ 28. Rxc2 Bxc2 29. Nc5 d6 30. Kb2 Bh7 31. Nxa6 Be4 32. Rd2 d5 33. Nc5 f5 34. Kc3 1-0